 Dungeon Crawl Stone Soup version 0.20.0-15-g7f486f2 (webtiles) character file.

125 greprep the Shooter (level 4, -2/37 HPs)
             Began as a Centaur Hunter on June 13, 2017.
             Slain by an adder (4 damage)
             ... on level 3 of the Dungeon.
             The game lasted 00:04:39 (1529 turns).

greprep the Shooter (Centaur Hunter)                Turns: 1529, Time: 00:04:40

Health: -2/37      AC:  4    Str: 15    XL:     4   Next: 82%
Magic:  4/4        EV:  9    Int: 15    God:
Gold:   126        SH:  0    Dex: 10    Spells: 3/3 levels left

rFire    . . .     SeeInvis .   b - +0 short sword
rCold    . . .     Gourm    .   (no shield)
rNeg     . . .     Faith    .   c - +0 leather armour
rPois    .         Spirit   .   (no helmet)
rElec    .         Reflect  .   (no cloak)
rCorr    .         Harm     .   (no gloves)
MR       .....                  (no barding)
Stlth    +.........             (no amulet)
Regen    0.2/turn               (no ring)
MPRegen  0.1/turn               (no ring)

@: brilliant, very quick
A: hooves 3, deformed body, speed 2, tough skin 3
a: no special abilities


You were on level 3 of the Dungeon.
You were hungry.

You visited 1 branch of the dungeon, and saw 3 of its levels.

You collected 126 gold pieces.

Inventory:

Hand Weapons
 a - a +1 shortbow
 b - a +0 short sword (weapon)
Missiles
 d - 6 arrows
Armour
 c - a +0 leather armour (worn)
Scrolls
 g - a scroll of enchant weapon {unknown}
 k - a scroll of fog {unknown}
 l - a scroll of amnesia {unknown}
 m - a scroll of immolation {unknown}
 n - a scroll of identify {unknown}
 p - a scroll of blinking {unknown}
Potions
 e - 2 potions of flight
 h - 3 potions of curing
 i - a potion of lignification
Comestibles
 f - a bread ration
 j - 2 royal jellies
 q - 4 fruits


   Skills:
 * Level 2.8 Fighting
 + Level 0.1 Short Blades
 * Level 7.5 Bows
 + Level 0.3 Armour
 + Level 1.5 Dodging
 - Level 0.4 Stealth


You had 3 spell levels left.
You didn't know any spells.

Dungeon Overview and Level Annotations

Branches:
Dungeon (3/15)

Altars:
Kikubaaqudgha


Innate Abilities, Weirdness & Mutations

You have hooves in place of feet.
Armour fits poorly on your strangely shaped body.
You cover ground very quickly.
You have extremely tough skin. (AC +3)


Message History

The adder is moderately wounded.
The adder bites you but does no damage.
You closely miss the adder.
The adder is moderately wounded.
The adder bites you but does no damage. x2
You miss the adder.
The adder is moderately wounded.
The adder bites you but does no damage.
You barely miss the adder.
The adder is moderately wounded.
The adder bites you but does no damage. x2
You hit the adder.
The adder is severely wounded.
You feel less wooden.
Your +0 leather armour unmelds from your body.
The adder barely misses you.
You barely miss the adder.
The adder is severely wounded.
The adder bites you.
You die...

#...<.........(
#######.###...
#.# #.# ######.##
.........#
#######..#
###..########..#
#(..((())@Ss!.(#
#.#..#######.....
#.#(.# .## .#...#
.###gg# .# #..gg
#...g.. ###<..(g
.......


You could see an adder and a giant cockroach.

Vanquished Creatures
  Ijyb (D:3)
  Robin (D:3)
  3 adders (D:2)
  A dart slug (D:2)
  A leopard gecko (D:1)
  A ball python (D:2)
  5 giant cockroaches
  15 goblins
  8 hobgoblins
  A quokka (D:2)
  4 bats
  A frilled lizard (D:1)
  6 kobolds
  5 rats
53 creatures vanquished.

Notes
Turn   | Place    | Note
-------+----------+-------------------------------------------
     0 | D:1      | greprep the Centaur Hunter began the quest for the Orb.
     0 | D:1      | Reached XP level 1. HP: 17/17 MP: 1/1
   170 | D:1      | Reached XP level 2. HP: 24/24 MP: 2/2
   573 | D:1      | Reached skill level 6 in Bows
   805 | D:2      | Reached XP level 3. HP: 26/29 MP: 3/3
  1014 | D:2      | Found an ancient bone altar of Kikubaaqudgha.
  1131 | D:2      | Reached XP level 4. HP: 32/37 MP: 4/4
  1441 | D:3      | Noticed Robin
  1443 | D:3      | Reached skill level 7 in Bows
  1446 | D:3      | Noticed Ijyb
  1495 | D:3      | Killed Ijyb
  1499 | D:3      | Killed Robin
  1516 | D:3      | HP: 2/55 [goblin (2)]
  1529 | D:3      | Slain by an adder

Skill      XL: |  1  2  3  4 |
---------------+-------------+-----
Bows           | 6 7 |  7.5
Fighting       | |  2.8
Short Blades   | |  0.1
Armour         | |  0.3
Dodging        | |  1.5
Stealth        | |  0.4

Action                   |  1- 3 |  4- 6 || total
-------------------------+-------+-------++-------
Melee: Short sword       |       |    43 ||    43
 Fire: Shortbow          |    85 |    51 ||   136
  Use: Potion            |       |     4 ||     4
Armor: Leather armour    |     5 |    13 ||    18
       Skin              |       |    61 ||    61
Dodge: Dodged            |     8 |    26 ||    34
